 Dungeon Crawl Stone Soup version 0.23.1 (webtiles) character file.

Game seed: 9914583914136951515

88 Borgoz the Sneak (level 4, 0/35 HPs)
             Began as a Ghoul Enchanter on Mar 2, 2019.
             Slain by an iguana (8 damage)
             ... on level 4 of the Dungeon.
             The game lasted 00:04:31 (2530 turns).

Borgoz the Sneak (Ghoul Enchanter)                  Turns: 2530, Time: 00:04:32

Health: 0/35       AC:  5    Str: 11    XL:     4   Next: 53%
Magic:  0/6        EV: 10    Int: 10    God:
Gold:   152        SH:  0    Dex: 10    Spells: 4/7 levels left

rFire    . . .     SeeInvis .     - Unarmed
rCold    + + .     Gourm    .   (no shield)
rNeg     + + +     Faith    .   i - +0 ring mail
rPois    ∞         Spirit   .   (no helmet)
rElec    .         Reflect  .   (no cloak)
rCorr    .         Harm     .   (no gloves)
MR       .....                  (no boots)
Stlth    +.........             (no amulet)
HPRegen  0.00/turn              a - ring of protection from cold
MPRegen  0.10/turn              (no ring)

@: very slightly contaminated, rotting
A: rotting body, claws 1, carnivore, cold resistance 1, negative energy
resistance 3, inhibited regeneration, torment resistance, unbreathing
a: no special abilities


You were on level 4 of the Dungeon.
You were not hungry.

You visited 1 branch of the dungeon, and saw 4 of its levels.

You collected 152 gold pieces.

Inventory:

Armour
 g - a +2 plate armour of cold resistance
 i - a +0 ring mail (worn)
Jewellery
 a - a ring of protection from cold (left claw)
Scrolls
 c - a scroll of remove curse
 e - 2 scrolls of teleportation
 f - 2 scrolls of immolation {unknown}
 j - a scroll of identify {unknown}
Potions
 b - a potion of curing
 h - a potion of ambrosia {unknown}
 k - a potion of haste {unknown}
 l - a potion of might
 m - a potion of heal wounds
Comestibles
 d - 7 rations
 n - a chunk of flesh


   Skills:
 + Level 1.3 Fighting
   Level 0.8 Short Blades
 + Level 1.0 Throwing
 + Level 0.8 Armour
 + Level 2.1 Dodging
 - Level 3.2 Stealth
 * Level 2.4 Unarmed Combat
 + Level 2.0 Spellcasting
 + Level 2.6 Hexes


You had 4 spell levels left.
You knew the following spells:

 Your Spells              Type           Power        Failure   Level  Hunger
a - Corona                Hex            #......      26%         1    ##.....
b - Ensorcelled Hibernat  Hex/Ice        #.....       56%         2    ###....

Your spell library contained the following spells:

 Spells                   Type           Power        Failure   Level  Hunger
 Confuse                  Hex            #.......     61%         3    ####...
 Tukima's Dance           Hex            #.......     61%         3    ####...
 Dazzling Spray           Conj/Hex       #.....       80%         3    ####...


Dungeon Overview and Level Annotations

Branches:
Dungeon (4/15)
 Temple: D:4-7

Altars:
Makhleb
Vehumet
Wu Jian
The Shining One


Innate Abilities, Weirdness & Mutations

Your body is rotting away.
You thrive on raw meat.
You are immune to poison.
You have sharp fingernails.
You are carnivorous and can eat meat at any time.
Your flesh is cold resistant. (rC+)
You are immune to negative energy. (rN+++)
You do not regenerate when monsters are visible.
You are immune to unholy pain and torment.
You can survive without breathing.


Message History

The iguana closely misses you.
Casting: Ensorcelled Hibernation (safe; 56% risk of failure)
Confirm with . or Enter, or press ? or * to list all spells.
You don't have enough magic to cast that spell.
Unknown command.
Casting: Ensorcelled Hibernation (safe; 56% risk of failure)
Confirm with . or Enter, or press ? or * to list all spells.
Aiming: Ensorcelled Hibernation (safe; 56% risk of failure)
Press: ? - help, Shift-Dir - straight line, f/p - iguana
Aim: an iguana (chance to defeat MR: 44%)
The iguana resists with some effort.
The iguana bites you!
You scratch the iguana but do no damage.
The iguana barely misses you.
You scratch the iguana but do no damage.
The iguana bites you!
* * * LOW HITPOINT WARNING * * *
You scratch the iguana.
The iguana is lightly wounded.
The iguana bites you!
You die...

#...#...###.....#
####.....#.#
.##...
#.(........###.#
.#
#.###.#.##.....#
#.##.#..######....
#.##..#.# #.
#...÷...#
####l#### ####@#
#<...# #....#
#...## ##.## #.#
#.# #.# #.#


You could see an iguana.

Vanquished Creatures
  2 adders
  An ooze (D:2)
  3 worms (D:2)
  A dart slug (D:1)
  2 leopard geckos
  A ball python (D:1)
  13 bats
  2 giant cockroaches
  7 goblins
  5 hobgoblins
  A quokka (D:3)
  3 frilled lizards
  8 kobolds
  4 rats
53 creatures vanquished.

Notes
Turn   | Place    | Note
-------+----------+-------------------------------------------
     0 | D:1      | Borgoz the Ghoul Enchanter began the quest for the Orb.
     0 | D:1      | Reached XP level 1. HP: 14/14 MP: 2/2
   122 | D:1      | Reached XP level 2. HP: 13/20 MP: 3/3
   166 | D:1      | Learned a level 2 spell: Ensorcelled Hibernation
   272 | D:1      | Reached skill level 1 in Unarmed Combat
   550 | D:1      | Reached XP level 3. HP: 23/27 MP: 4/4
  1182 | D:2      | Reached skill level 1 in Fighting
  1281 | D:2      | Found a radiant altar of Vehumet.
  1281 | D:2      | Found an ornate altar of the Wu Jian Council.
  1282 | D:2      | Found a glowing golden altar of the Shining One.
  1421 | D:2      | Reached XP level 4. HP: 32/35 MP: 4/6
  1710 | D:2      | Reached skill level 1 in Throwing
  2020 | D:3      | Found a burning altar of Makhleb.
  2020 | D:3      | Noticed an Executioner
  2530 | D:4      | Slain by an iguana

Skill      XL: |  1  2  3  4 |
---------------+-------------+-----
Unarmed Combat | 1 2 |  2.4
Dodging        | 2 |  2.1
Fighting       | 1 |  1.3
Spellcasting   | 2 |  2.0
Throwing       | 1 |  1.0
Short Blades   | |  0.8
Armour         | |  0.8
Stealth        | |  3.2
Hexes          | |  2.6

Action                   |  1- 3 |  4- 6 || total
-------------------------+-------+-------++-------
Melee: Dagger            |    40 |       ||    40
       Unarmed           |   113 |    89 ||   202
 Cast: Ensorcelled Hiber |       |     2 ||     2
       Corona            |       |     1 ||     1
  Use: Potion            |     4 |     2 ||     6
       Scroll            |     3 |       ||     3
 Stab: Sleeping          |     6 |       ||     6
  Eat: Chunk             |    15 |       ||    15
Armor: Robe              |    48 |       ||    48
       Plate armour      |    13 |    67 ||    80
       Ring mail         |       |     1 ||     1
Dodge: Dodged            |   116 |    18 ||   134
